AoeStats
← Dani

Black Forest

510100907Analyzed
2v2 RM · 2d ago on Sep 29, 2026· 48m 45s· 4 players
Game mode
Random Map
Map size
Medium (4 player)
Population
200
Speed
Normal
Resources
Standard
Victory
Conquest
Starting age
Dark Age
Ending age
Imperial Age
RankedLock teamsTeams togetherTeam positionsShared explorationLock speedFull tech treeHidden civsTurbo modeCheats
Victory
Defeat
🇨🇱 Maya · Chile
1444
+18
🇩🇪 Britons · Germany
1420
+19
🇩🇪 Jurchens · Germany
1498
-19
🇩🇪 Persians · Germany
1478
-18
AP10
0:25 Loom
16:18 Feudal Age
19:49 Castle Age
18:07 Fletching
18:19 Double-Bit Axe
18:43 Padded Archer Armor
18:35 Horse Collar
20:00 Crossbowman
21:01 Bodkin Arrow
33:11 Imperial Age
35:07 Conscription
38:18 Wheelbarrow
37:47 Bracer
38:19 Ballistics
39:33 Bow Saw
40:34 Leather Archer Armor
42:32 Ring Archer Armor
42:36 Elite Plumed Archer
faensi
10:44 Feudal Age
11:45 Double-Bit Axe
14:22 Castle Age
13:42 Horse Collar
20:35 Wheelbarrow
20:19 Bow Saw
20:57 Heavy Plow
22:25 Stone Mining
23:09 Hand Cart
23:16 Loom
23:16 Town Watch
24:04 Gold Mining
26:03 Fortified Wall
26:04 Masonry
26:39 Gold Shaft Mining
25:59 Fletching
27:09 Bodkin Arrow
30:04 Imperial Age
28:44 Ballistics
28:21 Bodkin Arrow
28:27 Padded Archer Armor
29:59 Leather Archer Armor
30:23 Caravan
30:56 Bracer
31:27 Ring Archer Armor
32:03 Two-Man Saw
32:07 Warwolf
33:28 Chemistry
32:57 Guilds
33:54 Elite Longbowman
35:41 Yeomen
35:42 Conscription
34:57 Pikeman
35:37 Squires
35:48 Scale Mail Armor
35:58 Forging
36:24 Siege Engineers
36:41 Halberdier
40:04 Chain Mail Armor
40:24 Iron Casting
40:31 Iron Casting
41:14 Hoardings
40:45 Murder Holes
41:01 Masonry
40:32 Treadmill Crane
44:02 Architecture
44:57 Arson
45:53 Plate Mail Armor
46:23 Blast Furnace
jan
1:10 Loom
17:31 Feudal Age
22:09 Castle Age
20:43 Double-Bit Axe
20:39 Horse Collar
20:57 Gold Mining
21:29 Forging
24:44 Bloodlines
24:53 Bow Saw
25:37 Bloodlines
26:04 Bow Saw
26:57 Heavy Plow
30:11 Wheelbarrow
30:22 Stone Mining
32:45 Gold Shaft Mining
38:07 Imperial Age
38:06 Scale Barding Armor
39:43 Chain Barding Armor
39:23 Light Cavalry
43:02 Plate Barding Armor
43:16 Town Watch
43:50 Hand Cart
45:31 Elite Steppe Lancer
45:50 Light Cavalry
46:43 Hussar
Dani
10:16 Feudal Age
12:56 Double-Bit Axe
13:07 Horse Collar
16:58 Castle Age
16:15 Scale Barding Armor
16:20 Forging
17:09 Bloodlines
17:09 Loom
17:29 Husbandry
18:50 Bow Saw
23:29 Wheelbarrow
23:50 Gold Mining
24:53 Chain Barding Armor
25:43 Iron Casting
28:06 Town Watch
36:00 Imperial Age
34:13 Hand Cart
35:25 Gold Shaft Mining
34:41 Stone Mining
36:10 Heavy Plow
35:43 Cavalier
37:13 Plate Barding Armor
38:49 Blast Furnace
40:02 Kamandaran
40:08 Fletching
40:19 Padded Archer Armor
40:42 Ballistics
41:08 Bodkin Arrow
42:24 Chemistry
40:48 Crossbowman
42:20 Conscription
43:14 Leather Archer Armor
43:26 Thumb Ring
46:23 Ring Archer Armor
Connection lost

Rejoining the realm…

Still unreachable

The connection could not be restored.

Session expired

The server has moved on; the page needs a fresh start.